 Dungeon Crawl Stone Soup version 0.24-a0-91-g4e4936a (webtiles) character file.

Game seed: 3292912365354820093

137 galech the Skirmisher (level 5, 11/42 HPs)
             Began as a Demonspawn Fighter on Feb 8, 2019.
             Quit the game on level 3 of the Dungeon.
             The game lasted 00:01:59 (1800 turns).

galech the Skirmisher (Demonspawn Fighter)          Turns: 1800, Time: 00:01:59

Health: 11/42      AC: 12    Str: 16    XL:     5   Next: 0%
Magic:  3/5        EV:  7    Int: 10    God:
Gold:   72         SH:  9    Dex: 13    Spells: 4/4 levels left

rFire    . . .     SeeInvis .   a - +0 war axe
rCold    + . .     Gourm    .   c - +0 shield
rNeg     . . .     Faith    .   b - +0 scale mail
rPois    .         Spirit   +   (helmet restricted)
rElec    .         Reflect  .   (no cloak)
rCorr    .         Harm     .   (no gloves)
MR       +....                  (no boots)
Stlth    ..........             k - amulet of guardian spirit
HPRegen  0.14/turn              m - ring of protection from magic
MPRegen  0.09/turn              (no ring)

@: sanguine armour
A: antennae 1, cold resistance 1, spiny 1, sanguine armour 1
a: no special abilities


You were on level 3 of the Dungeon.
You were not hungry.

You visited 1 branch of the dungeon, and saw 3 of its levels.

You collected 72 gold pieces.

Inventory:

Hand Weapons
 a - a +0 war axe (weapon)
Armour
 b - a +0 scale mail (worn)
 c - a +0 shield (worn)
Jewellery
 k - an amulet of guardian spirit (around neck)
 m - a ring of protection from magic (left hand)
Scrolls
 e - 2 scrolls of teleportation {unknown}
 g - 3 scrolls of fog {unknown}
 h - a scroll of amnesia {unknown}
 i - a scroll of fear {unknown}
 j - 3 scrolls of remove curse {unknown}
 l - 8 scrolls of identify {unknown}
Potions
 d - a potion of might
 n - a potion of degeneration {unknown}
 o - a potion of curing {unknown}
 p - a potion of brilliance {unknown}
 r - a potion of lignification
 s - a potion of mutation {unknown}
Comestibles
 f - 5 rations
 q - 5 chunks of flesh


   Skills:
 + Level 3.8 Fighting
 + Level 2.8 Axes
 + Level 3.1 Armour
 + Level 1.2 Dodging
 + Level 3.4 Shields


You had 4 spell levels left.
You didn't know any spells.
Your spell library was empty.

Dungeon Overview and Level Annotations

Branches:
Dungeon (3/15)

Altars:
Wu Jian


Innate Abilities, Weirdness & Mutations

You have a pair of small antennae on your head.
Your flesh is cold resistant. (rC+)
You are partially covered in sharp spines.
When seriously injured, your bleeding wounds create armour. (AC +6)


Message History

The orc wizard is almost dead.
The orc wizard is no longer moving quickly.
The orc wizard completely misses you.
The orc wizard hits you but does no damage.
You slash the orc wizard!
You kill the orc wizard!
You closely miss the orc. The orc hits you with a +0 dagger.
* * * LOW HITPOINT WARNING * * *
The orc hits you but does no damage.
Your shield and scale mail prevent you from hitting the orc.
You block the orc's attack.
You barely miss the orc. The orc hits you but does no damage.
You block the orc's attack.
You slash the orc!
You kill the orc!
You have reached level 5!
Your demonic ancestry asserts itself...
Sharp spines emerge from parts of your body.
You block the orc's attack.
Are you sure you want to abandon this character and quit the game? (Confirm with "yes".)

÷♣≈≈≈≈≈≈≈≈≈
..≈≈≈≈≈≈PPP
.#P♣♣≈≈≈≈P≈≈≈
..#≈♣♣≈≈≈P♣.# #...#
♣♣≈♣..# ###.##
≈##.# #..### #.# #
##...# #.#
#####..### ###.##
#<# #.@o......
#..###.###.###'###.
##.....##..#
#####.##..###.#
#.....###_..
#.###.###.## ....
..# ###.# #(# #.#
#..


You could see an orc.

Vanquished Creatures
  An orc wizard (D:3)
  6 adders
  A worm (D:2)
  2 dart slugs
  3 leopard geckos
  2 orcs (D:3)
  A ball python (D:3)
  2 giant cockroaches
  6 goblins
  6 hobgoblins
  6 bats
  2 frilled lizards
  3 kobolds (D:1)
  3 rats
44 creatures vanquished.

Notes
Turn   | Place    | Note
-------+----------+-------------------------------------------
     0 | D:1      | galech the Demonspawn Fighter began the quest for the Orb.
     0 | D:1      | Reached XP level 1. HP: 18/18 MP: 1/1
   233 | D:1      | Gained mutation: You have a pair of small antennae on your
                  | head. [demonic ancestry]
   233 | D:1      | Reached XP level 2. HP: 22/24 MP: 2/2
   912 | D:2      | Gained mutation: When seriously injured, your bleeding
                  | wounds create armour. (AC +6) [demonic ancestry]
   912 | D:2      | Reached XP level 3. HP: 29/29 MP: 3/3
  1382 | D:3      | Reached skill level 1 in Dodging
  1383 | D:3      | Gained mutation: Your flesh is cold resistant. (rC+)
                  | [demonic ancestry]
  1383 | D:3      | Reached XP level 4. HP: 21/35 MP: 2/4
  1761 | D:3      | Found an ornate altar of the Wu Jian Council.
  1799 | D:3      | Gained mutation: You are partially covered in sharp spines.
                  | [demonic ancestry]
  1799 | D:3      | Reached XP level 5. HP: 11/42 MP: 3/5
  1800 | D:3      | Quit the game

Levels and vault maps discovered:
D:1:      lemuel_arrival_rhombus, layout_loops_cross
D:2:      layout_rooms
D:3:      layout_rooms, lemuel_doored_altar, first_ration, serial_bayou_lake_a

Skill      XL: |  1  2  3 |
---------------+----------+-----
Axes           | 2 |  2.8
Shields        | 3 |  3.4
Armour         | 3 |  3.1
Dodging        | 1 |  1.2
Fighting       | |  3.8

Action                   |  1- 3 |  4- 6 || total
-------------------------+-------+-------++-------
Melee: War axe           |   121 |    82 ||   203
  Use: Potion            |     1 |       ||     1
  Eat: Chunk             |     1 |     2 ||     3
Armor: Scale mail        |    67 |    41 ||   108
Dodge: Dodged            |    28 |    20 ||    48
Block: Shield            |    84 |    28 ||   112

Table legend:
 A = Non-vault XP
 B = Vault XP
 C = Vault XP percentage of total XP
 D = Non-vault monster count
 E = Vault monster count
 F = Vault count percentage of total count
                 A         B        C        D         E       F
            +---------+---------+-------+---------+---------+-------
      Total |     196 |       0 |   0.0 |      44 |       0 |   0.0
            +---------+---------+-------+---------+---------+-------
        D:1 |      22 |       0 |   0.0 |      14 |       0 |   0.0
        D:2 |      57 |       0 |   0.0 |      15 |       0 |   0.0
        D:3 |     117 |       0 |   0.0 |      15 |       0 |   0.0
            +---------+---------+-------+---------+---------+-------
